 Dungeon Crawl Stone Soup version 0.30-a0-652-gcc886f7154 (webtiles) character file.

Game seed: 14968318017565172051

375 Dittersdorf the Shield-Bearer (level 6, -12/40 HPs)
             Began as a Gargoyle Fighter on Jan 17, 2023.
             Killed by divine providence
             ... invoked by an orc priest
              (15 damage)
             ... on level 4 of the Dungeon.
             The game lasted 00:03:27 (3178 turns).

Dittersdorf the Shield-Bearer (Gargoyle Fighter)    Turns: 3178, Time: 00:03:28

Health: -12/40     AC: 17    Str: 22    XL:     6   Next: 73%
Magic:  0/6        EV:  9    Int:  8    God:
Gold:   132        SH:  5    Dex: 15    Spells: 5/5 levels left

rFire   + . .      SeeInvis .    a - +0 flail
rCold   . . .      Faith    .    c - +0 buckler
rNeg    + . .      Spirit   +    s - +2 scale mail {rF+}
rPois   ∞          Reflect  .    i - +0 helmet
rElec   +          Harm     .    t - +0 cloak
rCorr   .          Rampage  .    e - +0 pair of gloves
Will    .....                    (no boots) Stlth
                                 r - amulet of guardian spirit
HPRegen 0.26/turn                v - +6 ring of dexterity
MPRegen 0.10/turn                w - ring of flight

@: flying
A: sickness immunity, AC +4, negative energy resistance 1, electricity
resistance, torment resistance 1, petrification resistance
a: no special abilities


You were on level 4 of the Dungeon.
You visited 1 branch of the dungeon, and saw 4 of its levels.

You collected 132 gold pieces.

Inventory:

Hand Weapons
 a - a +0 flail (weapon)
Armour
 c - a +0 buckler (worn)
 e - a +0 pair of gloves (worn)
 i - a +0 helmet (worn)
 s - a +2 scale mail of fire resistance (worn)
 t - a +0 cloak (worn)
Jewellery
 r - an amulet of guardian spirit (around neck)
 v - a +6 ring of dexterity (left hand)
 w - a ring of flight (right hand)
Scrolls
 g - 2 scrolls of magic mapping {unknown}
 h - 4 scrolls of identify {unknown}
 j - a scroll of enchant weapon {unknown}
 k - 4 scrolls of fog {unknown}
 n - a scroll of amnesia {unknown}
 o - a scroll of fear {unknown}
 p - 3 scrolls of teleportation {unknown}
 u - a scroll of blinking {unknown}
 x - a scroll of torment {unknown}
Potions
 b - a potion of flight {unknown}
 d - 2 potions of might
 f - 2 potions of curing {unknown}
 l - a potion of resistance {unknown}
 m - 2 potions of haste {unknown}
 q - a potion of heal wounds {unknown}


   Skills:
 + Level 4.9 Fighting
 + Level 3.8 Maces & Flails
 + Level 4.9 Armour
 + Level 4.9 Shields


You had 5 spell levels left.
You didn't know any spells.
Your spell library contained the following spells:

 Spells                   Type           Power      Damage    Failure   Level
 Kiss of Death            Conj/Necr      0%         2d5       80%         1
 Shock                    Conj/Air       0%         1d3       80%         1
 Confusing Touch          Hex            0%         N/A       99%         3
 Swiftness                Air            0%         N/A       99%         3
 Airstrike                Air            0%         2d(0-16)  100%        4
 Dispel Undead            Necr           0%         3d6       100%        4


Dungeon Overview and Level Annotations

Branches:
Dungeon (4/15)
 Temple: D:4-7

Altars:
Vehumet


Innate Abilities, Weirdness & Mutations

You are immune to sickness and miasma.
Your stone body is resilient. (AC +4)
You are immune to poison.
You resist negative energy. (rN+)
You are resistant to electric shocks. (rElec)
You are resistant to unholy torment.
You are immune to petrification.


Message History

No target in view!
No target in view!
No target in view!
An orc priest comes into view. It is wielding a +0 club.
You hit something. Something hits you.
An orc priest comes into view. It is wielding a +0 mace.
The orc priest shouts!
Something hits you but does no damage.
A magic dart appears from out of thin air!
The magic dart hits you but does no damage.
The orc priest invokes the aid of Beogh against you.
Beogh smites you! The orc priest barely misses you.
You hear some strange, mumbled words.
You are confused.
There is a radiant altar of Vehumet here.
The orc priest hits you but does no damage.
The orc priest looks satisfied for a moment.
You barely miss the orc priest. The orc priest barely misses you.
You barely miss the orc priest. The orc priest barely misses you.
The orc priest closely misses you. Something hits you.
You completely miss something. The orc priest hits you with a +0 mace.
The orc priest hits you but does no damage.
You hear some strange, mumbled words.
Something tries to affect you, but you resist.
Something hits you but does no damage.
The orc priest invokes the aid of Beogh against you.
Beogh smites you!
The orc priest hits you but does no damage.
The orc priest attacks as you move away!
The orc priest hits you with a +0 club. Something hits you.
* * * LOW HITPOINT WARNING * * *
The orc priest calls down the wrath of Beogh upon you.
Beogh smites you!
* * * LOW HITPOINT WARNING * * *
You feel less confused.
The orc priest calls down the wrath of Beogh upon you.
Beogh smites you!
You die...

... ... ...# .... ..##
##.... ....##.... .. #..
..... ... #.. ...# ....
#.###.###....#
#..#...#.....# #######
#@..oo.......
.......####..#...#.....
#.......###.###.###
#........#...#..#
#P...)..........#
#..........)..###
#...####......#
#...##........##########
##..##..................


You could see 2 orc priests.

Vanquished Creatures
  Menkaure (D:4)
  A howler monkey (D:4)
  A hound (D:4)
  Terence (D:2)
  An orc wizard (D:2)
  6 adders
  A worm (D:3)
  3 dart slugs
  6 orcs
  3 ball pythons
  4 endoplasms
  5 giant cockroaches
  7 goblins
  5 hobgoblins
  2 jackals (D:2)
  2 quokkas
  6 bats
  6 frilled lizards
  8 kobolds
  8 rats
77 creatures vanquished.

Notes
Turn   | Place    | Note
-------+----------+-------------------------------------------
     0 | D:1      | Dittersdorf the Gargoyle Fighter began the quest for the
                  | Orb.
     0 | D:1      | Reached XP level 1. HP: 14/14 MP: 1/1
   184 | D:1      | Reached XP level 2. HP: 19/19 MP: 2/2
   494 | D:1      | Reached XP level 3. HP: 21/23 MP: 3/3
  1156 | D:2      | Reached XP level 4. HP: 27/29 MP: 4/4
  1512 | D:2      | Identified the +0 robe "Movil" {*Corrode rPois Will+
                  | Stlth+}
  1573 | D:2      | Noticed Terence
  1593 | D:2      | Killed Terence
  1594 | D:2      | Reached XP level 5. HP: 26/33 MP: 5/5
  2969 | D:4      | Found a radiant altar of Vehumet.
  3000 | D:4      | Noticed Menkaure
  3006 | D:4      | Reached XP level 6. HP: 33/39 MP: 4/6
  3017 | D:4      | Killed Menkaure
  3178 | D:4      | Killed from afar by an orc priest

Illustrated notes

Levels and vault maps discovered:
D:1:      dpeg_arrival_erosion, layout_basic
D:2:      minmay_inner_zag, layout_loops_corners, uniq_terence
D:3:      layout_loops_ring, dk_noncrumbling_2
D:4:      corexii_shack_village, layout_basic, vehumet_crystals,
          kennysheep_generic_room_15, uniq_menkaure, uniq_robin

Skill      XL: |  1  2  3  4 |
---------------+-------------+-----
Fighting       | 4 |  4.9
Armour         | 4 |  4.9
Shields        | 4 |  4.9
Maces & Flails | 3 |  3.8

Action                   |  1- 3 |  4- 6 || total
-------------------------+-------+-------++-------
Melee: Flail             |   102 |   204 ||   306
Armor: Scale mail        |    60 |   116 ||   176
Dodge: Dodged            |    57 |    88 ||   145
Block: Buckler           |    28 |    52 ||    80

Table legend: (Time is in decaauts)
 A = Elapsed time spent in this place.
 B = Non-inter-level travel time spent in this place.
 C = Inter-level travel time spent in this place.
 D = Time resting spent in this place.
 E = Time spent auto-exploring this place.
 F = Levels seen in this place.
 G = Mean time per level.
                   A        B        C        D        E       F      G
               +--------+--------+--------+--------+--------+-----+--------+
         Total |   3268 |   3173 |     95 |    222 |   2242 |   4 |  817.0 |
       Dungeon |   3268 |   3173 |     95 |    222 |   2242 |   4 |  817.0 |
               +--------+--------+--------+--------+--------+-----+--------+

Top non-repeatable levels by time:
     D:2: 1419 daAuts
     D:1: 839 daAuts
     D:3: 768 daAuts
     D:4: 240 daAuts
